 Dungeon Crawl Stone Soup version 0.23-a0-386-g9c9d49f (webtiles) character file.

8859 Geeful the Slicer (level 11, -1/72 HPs)
             Began as a Vampire Ice Elementalist on Oct 22, 2018.
             Was an Elder of Dithmenos.
             Slain by a black mamba (17 damage)
             ... on level 1 of the Lair of Beasts on Oct 28, 2018.
             The game lasted 01:07:47 (11745 turns).

Geeful the Slicer (Vampire Ice Elementalist)       Turns: 11745, Time: 01:07:48

Health: -1/72      AC: 12    Str: 10    XL:     11   Next: 15%
Magic:  5/20       EV: 13    Int: 20    God:    Dithmenos [****..]
Gold:   584        SH:  3    Dex: 16    Spells: 11/23 levels left

rFire    . . .     SeeInvis +   l - +3 scimitar (elec)
rCold    . . .     Gourm    .   (no shield)
rNeg     + + .     Faith    .   E - +1 robe {rN+}
rPois    .         Spirit   .   (no helmet)
rElec    .         Reflect  +   v - +0 cloak
rCorr    .         Harm     .   q - +1 pair of gloves
MR       +....                  (no boots)
Stlth    +++++++...             g - +3 amulet of reflection
HPRegen  0.22/turn              j - +6 ring of protection
MPRegen  0.17/turn              t - +3 ring of strength

@: lethally poisoned (-1 -> -43), wreathed by umbra
A: fangs 3, see invisible, unbreathing
a: Bat Form, Shadow Step, Renounce Religion


You were on level 1 of the Lair of Beasts.
You worshipped Dithmenos.
Dithmenos was greatly pleased with you.
You were not thirsty.

You visited 2 branches of the dungeon, and saw 12 of its levels.

You collected 584 gold pieces.

Inventory:

Hand Weapons
 h - a +2 dagger of venom
 l - a +3 scimitar of electrocution (weapon)
 D - a +1 scimitar of flaming
Missiles
 d - 42 poisoned needles
Armour
 q - a +1 pair of gloves (worn)
 v - a +0 cloak (worn)
 E - a +1 robe of positive energy (worn)
Jewellery
 g - a +3 amulet of reflection (around neck)
 j - a +6 ring of protection (left hand)
 p - an uncursed ring of positive energy
 t - a +3 ring of strength (right hand)
 u - an uncursed amulet of rage
 z - an uncursed ring of fire
Wands
 a - a wand of disintegration (12)
 n - a wand of random effects (11)
 o - a wand of iceblast (6)
 s - a wand of digging (40)
 y - a wand of paralysis (9)
 F - a wand of enslavement (18)
Scrolls
 e - 10 scrolls of teleportation
 i - a scroll of fear
 k - 6 scrolls of remove curse
 r - a scroll of immolation
 C - a scroll of amnesia
Potions
 b - 5 potions of haste
 c - 17 potions of blood
 f - 2 potions of lignification
 m - 2 potions of ambrosia
 w - 3 potions of curing
 x - a potion of agility
 A - a potion of might


   Skills:
 - Level 2.2 Fighting
 + Level 13.2 Short Blades
 - Level 2.6 Dodging
 - Level 10.8 Stealth
 - Level 6.5 Spellcasting
 - Level 0.6 Conjurations
 - Level 7.4 Ice Magic


You had 11 spell levels left.
You knew the following spells:

 Your Spells              Type           Power        Failure   Level  Hunger
a - Freeze                Ice            ####         1%          1    None
c - Ozocubu's Armour      Chrm/Ice       ###.....     6%          3    #......
d - Summon Ice Beast      Ice/Summ       ###.....     22%         4    ###....
e - Throw Icicle          Conj/Ice       ###.....     19%         4    ###....

Your spell library contained the following spells:

 Spells                   Type           Power        Failure   Level  Hunger
 Throw Frost              Conj/Ice       ###...       3%          2    None
 Beastly Appendage        Tmut           #.....       10%         1    None
 Sticks to Snakes         Tmut           #.......     16%         2    None
 Ice Form                 Ice/Tmut       ###.....     22%         4    ###....
 Spider Form              Tmut/Pois      #.........   30%         3    #......
 Blade Hands              Tmut           #.........   95%         5    #####..


Dungeon Overview and Level Annotations

Branches:
Dungeon (11/15)            Temple (0/1) D:6            Lair (1/6) D:8
    Orc (0/2) D:10

Altars:
Dithmenos
Fedhas
Kikubaaqudgha
Nemelex Xobeh
Ru
Sif Muna
Uskayaw
Vehumet
Yredelemnul


Innate Abilities, Weirdness & Mutations

You have razor-sharp teeth.
You have supernaturally acute eyesight. (SInv)
You can survive without breathing.


Message History

You barely miss the black mamba.
The black mamba is lightly wounded.
You feel very sick.
A wolf comes into view.
The black mamba completely misses you. The wolf misses you.
Your ice beast barely misses the black mamba.
You hit the black mamba.
Lightning courses through the black mamba!
The black mamba is heavily wounded.
You feel sick. The black mamba bites you!
* * * LOW HITPOINT WARNING * * *
You are more poisoned.
The black mamba poisons you! You block the black mamba's attack.
The wolf closely misses you. You block the wolf's attack.
Your ice beast barely misses the black mamba.
Your ice beast hits the wolf but does no damage.
* * * LOW HITPOINT WARNING * * *
You feel very sick. The wolf misses your ice beast. The black mamba bites you!
You die...

.....## #.#
....# ##.#
...# ###P.#
..# ##....###
.# #.......#
##.Y.....#
####..#####..#
#....## #.#
###.#@# .#


#YYYS# . ###.hh# # ....#..# ............ #.###P........# # ###.......# #........
.......#. You could see a black mamba, 2 wolves and 3 friendly ice beasts.

Vanquished Creatures
  Erolcha (D:9)
  A centaur warrior (D:9)
  Maurice (D:8)
  A spiny frog (Lair:1)
  Grinder (D:5)
  A spriggan (D:7)
  A wraith (D:10)
  A wyvern (D:10)
  3 yaks
  Menkaure (D:6)
  A hungry ghost (D:9)
  2 water moccasins
  3 orc warriors
  A black bear (D:7)
  A sky beast (D:7)
  A phantom (D:4)
  6 ice beasts
  A necrophage (D:8)
  A wolf (Lair:1)
  8 centaurs
  3 ogres
  Blork the orc (D:6)
  2 bullfrogs
  A wyvern zombie (D:10)
  A water moccasin zombie (D:7)
  5 scorpions
  7 wights
  7 crimson imps
  2 quasits
  A bullfrog zombie (D:10)
  5 hounds
  An orc priest (D:5)
  7 orc wizards
  2 bullfrog skeletons
  3 iguanas
  Jessica (D:2)
  9 worker ants
  A killer bee zombie (D:7)
  2 hound zombies
  2 hound skeletons
  A howler monkey zombie (D:6)
  A worker ant zombie (D:8)
  9 adders
  3 adder skeletons
  A worm (D:2)
  4 dart slugs
  2 leopard geckos
  47 orcs
  8 giant cockroaches
  4 goblins
  12 hobgoblins
  10 jackals
  8 quokkas
  2 ball pythons
  3 bats
  3 frilled lizards
  12 kobolds
  7 rats
  3 fungi (D:10)
240 creatures vanquished.

Vanquished Creatures (collateral kills)
  Erica (D:8)
  A gargoyle (D:10)
  3 yaks (D:10)
  A wolf (Lair:1)
  An ogre (D:7)
  A crimson imp (D:7)
  3 orc priests
  An orc wizard (D:8)
  A worker ant (D:8)
  A worker ant zombie (D:7)
  5 orcs
19 creatures vanquished.

Vanquished Creatures (others)
  A worker ant (D:8)
1 creature vanquished.

Grand Total: 260 creatures vanquished

Notes
Turn   | Place    | Note
-------+----------+-------------------------------------------
     0 | D:1      | Geeful the Vampire Ice Elementalist began the quest for the
                  | Orb.
     0 | D:1      | Reached XP level 1. HP: 13/13 MP: 3/3
   336 | D:1      | Reached XP level 2. HP: 19/19 MP: 1/5
  1124 | D:1      | Reached XP level 3. HP: 24/24 MP: 6/6
  1238 | D:1      | Learned a level 2 spell: Throw Frost
  1242 | D:1      | Learned a level 3 spell: Ozocubu's Armour
  1431 | D:2      | Found a shadowy altar of Dithmenos.
  1447 | D:2      | Became a worshipper of Dithmenos the Shadowed
  1539 | D:2      | Noticed Jessica
  1542 | D:2      | Killed Jessica
  1542 | D:2      | Reached XP level 4. HP: 30/30 MP: 6/8
  2209 | D:3      | Reached skill level 5 in Stealth
  2300 | D:3      | Reached XP level 5. HP: 28/35 MP: 9/9
  2340 | D:3      | Reached * piety under Dithmenos
  3273 | D:4      | Noticed a phantom
  3305 | D:4      | Killed a phantom
  3305 | D:4      | Reached XP level 6. HP: 22/41 MP: 6/11
  3507 | D:4      | Reached ** piety under Dithmenos
  3568 | D:4      | Got a blackened leather armour
  3579 | D:4      | Identified the cursed +0 leather armour of the Pit {Dex+5}
                  | (You found it on level 4 of the Dungeon)
  3632 | D:4      | Reached skill level 5 in Ice Magic
  3691 | D:4      | Noticed a hand axe
  3691 | D:4      | Noticed a hand axe
  3692 | D:4      | Found a hide-covered altar of Uskayaw.
  3814 | D:4      | Reached XP level 7. HP: 34/46 MP: 9/13
  4151 | D:4      | Upgraded the game from 0.23-a0-358-g98c7a59 to
                  | 0.23-a0-386-g9c9d49f
  4184 | D:5      | Entered Level 5 of the Dungeon
  4668 | D:5      | Reached skill level 5 in Spellcasting
  4990 | D:5      | Noticed Grinder
  5142 | D:5      | Paralysed by Grinder for 6 turns
  5153 | D:5      | Killed Grinder
  5153 | D:5      | Reached XP level 8. HP: 52/52 MP: 7/16
  5421 | D:5      | Found a sparkling altar of Nemelex Xobeh.
  5684 | D:6      | Noticed Menkaure
  5897 | D:5      | Reached skill level 10 in Stealth
  5905 | D:5      | Learned a level 4 spell: Summon Ice Beast
  5910 | D:5      | Learned a level 4 spell: Throw Icicle
  5935 | D:6      | Killed Menkaure
  6418 | D:6      | Reached *** piety under Dithmenos
  6463 | D:6      | Found a staircase to the Ecumenical Temple.
  6663 | D:6      | Noticed Blork the orc
  6668 | D:6      | Killed Blork the orc
  6668 | D:6      | Reached XP level 9. HP: 57/57 MP: 14/18
  6767 | D:6      | Found a radiant altar of Vehumet.
  6782 | D:6      | Found an ancient bone altar of Kikubaaqudgha.
  6794 | D:6      | Found a deep blue altar of Sif Muna.
  6887 | D:6      | Reached skill level 2 in Short Blades
  7169 | D:7      | Reached skill level 3 in Short Blades
  7244 | D:7      | Reached skill level 4 in Short Blades
  7408 | D:7      | Reached skill level 5 in Short Blades
  7587 | D:7      | Reached skill level 6 in Short Blades
  7977 | D:7      | Reached skill level 7 in Short Blades
  8219 | D:7      | Identified a scroll of acquirement
  8375 | D:8      | Reached skill level 8 in Short Blades
  8418 | D:8      | Noticed Maurice
  8426 | D:8      | Reached **** piety under Dithmenos
  8450 | D:8      | Killed Maurice
  8450 | D:8      | Reached XP level 10. HP: 42/67 MP: 14/19
  8571 | D:8      | Found a staircase to the Lair.
  8646 | D:8      | Found a basalt altar of Yredelemnul.
  8655 | D:8      | Found a sacrificial altar of Ru.
  8716 | D:8      | Noticed Erica
  8725 | D:8      | Killed Erica
  8725 | D:8      | Reached skill level 9 in Short Blades
  8979 | D:9      | Noticed Erolcha
  8988 | D:9      | Killed Erolcha
  8988 | D:9      | Reached skill level 10 in Short Blades
  9495 | D:9      | Reached skill level 11 in Short Blades
  9527 | D:9      | Noticed a centaur warrior
  9822 | D:9      | Killed a centaur warrior
 10013 | D:10     | Entered Level 10 of the Dungeon
 10013 | D:10     | Found a blossoming altar of Fedhas.
 10140 | D:10     | Reached skill level 12 in Short Blades
 10315 | D:10     | Found a staircase to the Orcish Mines.
 10525 | D:10     | Reached XP level 11. HP: 72/72 MP: 20/20
 11338 | D:10     | Reached skill level 13 in Short Blades
 11514 | Lair:1   | Entered Level 1 of the Lair of Beasts
 11745 | Lair:1   | Slain by a black mamba

Vault maps used:
D:1:      enne_arrival_octagon_isle
D:2:      lemuel_crystal_altar, uniq_jessica
D:4:      dancing_weapons_uskayaw, minmay_ruptured
D:5:      nemelex_altar_shiori, first_ration, uniq_grinder
D:6:      palyth_temple_overflow_mages, minmay_temple_entry_large_hall,
          uniq_menkaure, uniq_blork_the_orc
D:7:      kennysheep_big_flooded_room, the_bakery, minmay_joined_circles
D:8:      kennysheep_mini_moat, kennysheep_little_box, lair_entry_dummy,
          uniq_erica, uniq_maurice
D:9:      uniq_erolcha
D:10:     david_orc_2, grunt_decor_cap, fedhas_altar_3
D:11:     skrybe_limestone_x, solitary_fountain
Lair:1:   beast_lair_carwin_1, serial_bayou_shore_b, grunt_megastairs_2

Skill      XL: |  1  2  3  4  5  6  7  8  9 10 11 |
---------------+----------------------------------+-----
Stealth        | 4 5 6 7 9 10 | 10.8
Spellcasting   | 3 4 5 6 |  6.5
Ice Magic      | 4 5 6 7 |  7.4
Short Blades   | 8 12 13 | 13.2
Fighting       | 2 |  2.2
Dodging        | |  2.6
Conjurations   | |  0.6

Action                   |  1- 3 |  4- 6 |  7- 9 | 10-12 || total
-------------------------+-------+-------+-------+-------++-------
Melee: Hand axe          |    35 |       |       |       ||    35
       Bite              |     9 |    20 |    28 |    25 ||    82
       Unarmed           |     1 |       |       |       ||     1
       Dagger            |    44 |   117 |       |       ||   161
       Scimitar          |       |    48 |   191 |   209 ||   448
 Cast: Freeze            |    17 |     6 |     3 |       ||    26
       Ozocubu's Armour  |       |     8 |    12 |       ||    20
       Throw Frost       |       |       |    24 |       ||    24
       Summon Ice Beast  |       |       |    11 |    15 ||    26
       Throw Icicle      |       |       |       |     1 ||     1
 Abil: End Transformatio |       |       |     2 |       ||     2
       Bat Form          |       |       |     2 |       ||     2
       Evoke Berserk Rag |       |       |     1 |       ||     1
Evoke: Wand              |       |       |    11 |       ||    11
  Use: Potion            |     5 |     8 |    22 |    17 ||    52
       Scroll            |     3 |     1 |    14 |     8 ||    26
 Stab: Sleeping          |    10 |    12 |    24 |    17 ||    63
       Distracted        |       |     2 |     2 |     1 ||     5
       Invisible         |       |     2 |       |       ||     2
Armor: Robe              |    14 |    52 |       |    30 ||    96
       Leather armour    |       |     1 |    95 |    21 ||   117
Dodge: Dodged            |    71 |   115 |   177 |   172 ||   535
Block: Other             |       |       |       |     4 ||     4
       Rpst.: Scimitar   |       |     7 |    50 |    55 ||   112

Table legend:
 A = Non-vault XP
 B = Vault XP
 C = Vault XP percentage of total XP
 D = Non-vault monster count
 E = Vault monster count
 F = Vault count percentage of total count
                 A         B        C        D         E       F
            +---------+---------+-------+---------+---------+-------
      Total |    8609 |    4048 |  32.0 |     223 |      34 |  13.2
            +---------+---------+-------+---------+---------+-------
        D:1 |      52 |       0 |   0.0 |      29 |       0 |   0.0
        D:2 |      72 |      37 |  33.9 |      14 |       1 |   6.7
        D:3 |     172 |       0 |   0.0 |      39 |       0 |   0.0
        D:4 |     577 |       3 |   0.5 |      17 |       1 |   5.6
        D:5 |    1017 |     272 |  21.1 |      23 |       1 |   4.2
        D:6 |     508 |     389 |  43.4 |      16 |       5 |  23.8
        D:7 |     591 |    1156 |  66.2 |      16 |      16 |  50.0
        D:8 |     753 |    1172 |  60.9 |      20 |       2 |   9.1
        D:9 |    1976 |     827 |  29.5 |      20 |       1 |   4.8
       D:10 |    2515 |      15 |   0.6 |      28 |       5 |  15.2
     Lair:1 |     376 |     177 |  32.0 |       1 |       2 |  66.7
            +---------+---------+-------+---------+---------+-------
